 Dungeon Crawl Stone Soup version 0.27-a0-1590-g15f69828bf (webtiles) character file.

Game seed: 6745666912717898175

1101 Aviak the Skirmisher (level 7, -7/52 (60) HPs)
             Began as a Demigod Transmuter on July 18, 2021.
             Mangled by a wight (9 damage)
             ... on level 5 of the Dungeon.
             The game lasted 00:08:02 (7537 turns).

Aviak the Skirmisher (Demigod Transmuter)           Turns: 7537, Time: 00:08:03

HP:   -7/52 (60)    AC: 11    Str: 15    XL:     7   Next: 85%
MP:   25/25         EV: 12    Int: 19    God:
Gold: 344           SH:  0    Dex: 14    Spells: 8/14 levels left

rFire    . . .     SeeInvis .     - Unarmed
rCold    . . .     Faith    .   (no shield)
rNeg     . . .     Spirit   .   B - +0 acid dragon scales {rCorr}
rPois    .         Reflect  .   c - +1 helmet
rElec    .         Harm     .   D - +1 cloak
rCorr    +         Rampage  .   (no gloves)
Will     .....                  w - +0 pair of boots
Stlth    +.........             j - amulet of the acrobat
HPRegen  0.17/turn              e - ring of magical power
MPRegen  0.19/turn              (no ring)

@: mighty, about to teleport, wereblooded (expiring), heavily drained
A: high mp 1, forlorn
a: no special abilities


You were on level 5 of the Dungeon.
You visited 1 branch of the dungeon, and saw 6 of its levels.

You collected 344 gold pieces.

Inventory:

Hand Weapons
 d - a +3 dagger
 g - a +2 dagger of venom
Missiles
 C - 8 atropa-tipped darts
Armour
 a - a +0 robe
 c - a +1 helmet (worn)
 w - a +0 pair of boots (worn)
 B - +0 acid dragon scales (worn) {rCorr}
 D - a +1 cloak (worn)
Jewellery
 e - a ring of magical power (left hand)
 j - an amulet of the acrobat (around neck)
 x - a ring of wizardry
Scrolls
 b - a scroll of fear
 f - a scroll of fog {unknown}
 h - a scroll of silence {unknown}
 i - a scroll of identify
 k - a scroll of amnesia {unknown}
 o - a scroll of enchant armour {unknown}
 p - a scroll of brand weapon {unknown}
 u - a scroll of immolation {unknown}
 v - a scroll of magic mapping {unknown}
Potions
 l - a potion of cancellation
 m - a potion of flight {unknown}
 n - a potion of curing {unknown}
 q - 3 potions of degeneration {!q!q}
 r - a potion of might
 s - a potion of magic {unknown}
 y - 2 potions of haste {unknown}
 z - a potion of ambrosia {unknown}
 A - a potion of brilliance {unknown}


   Skills:
 - Level 4.5 Fighting
 + Level 2.9 Dodging
 + Level 3.6 Unarmed Combat
 - Level 4.0 Spellcasting
 + Level 4.1 Transmutations
 - Level 3.3 Poison Magic


You had 8 spell levels left.
You knew the following spells:

 Your Spells              Type           Power      Damage    Failure   Level
a - Beastly Appendage     Tmut           38%        N/A       3%          1
b - Wereblood             Tmut           19%        N/A       5%          2
c - Spider Form           Tmut/Pois      8%         N/A       13%         3

Your spell library contained the following spells:

 Spells                   Type           Power      Damage    Failure   Level
 Poisonous Vapours        Pois/Air       20%        N/A       16%         2
 Apportation              Tloc           6%         N/A       19%         1
 Magic Dart               Conj           12%        1d3       19%         1
 Blink                    Tloc           N/A        N/A       28%         2
 Call Imp                 Summ           3%         N/A       28%         2
 Sublimation of Blood     Necr           1%         N/A       28%         2
 Mephitic Cloud           Conj/Pois/Air  7%         N/A       36%         3
 Olgreb's Toxic Radiance  Pois           16%        N/A       45%         4
 Dazzling Flash           Conj/Hex       6%         N/A       50%         3
 Lesser Beckoning         Tloc           1%         N/A       50%         3
 Ice Form                 Ice/Tmut       11%        N/A       63%         4
 Petrify                  Tmut/Erth      11%        N/A       63%         4
 Alistair's Intoxication  Tmut/Pois      11%        N/A       75%         5
 Iskenderun's Mystic Bla  Conj/Tloc      3%         2d3       88%         4
 Irradiate                Conj/Tmut      5%         3d15      93%         5
 Manifold Assault         Tloc           3%         N/A       99%         5
 Invisibility             Hex            1%         N/A       100%        6
 Starburst                Conj/Fire      1%         8x6d3     100%        6


Dungeon Overview and Level Annotations

Branches:
Dungeon (6/15)             Temple (0/1) D:4

Shops:
D:3 (


Innate Abilities, Weirdness & Mutations

Your attributes grow dramatically as you level up.
You have an increased reservoir of magic. (+10% MP)
You shall have no god before yourself.


Message History

Your transformation is almost over.
A wight comes into view. It is wielding a +0 long sword.
The wight shoots a stone.
The stone completely misses you.
The wight shoots a stone.
The stone completely misses you.
You hiss as the wereblood boils in your veins!
You hear a shout!
The wight shoots a stone.
The stone completely misses you.
There is a stone staircase leading up here.
The wight hits you with the +6 whip "Zuosat" {elec, rF+ rC- rCorr}!
You climb upwards.
Your primal bloodlust is almost over.
There is a stone staircase leading down here.
You hit the wight but do no damage.
The wight is heavily damaged.
The wight barely misses you. The wight closely misses you.
You hit the wight.
The wight is heavily damaged.
The wight completely misses you.
The wight hits you with the +6 whip "Zuosat" {elec, rF+ rC- rCorr}!
* * * LOW HITPOINT WARNING * * *
You feel drained.
* * * LOW HITPOINT WARNING * * *
Okay, then.
As you read the scroll of teleportation, it crumbles to dust.
You feel strangely unstable.
Your transformation has ended.
Your +1 cloak unmelds from your body.
Your +1 helmet unmelds from your body.
Your +0 pair of boots unmelds from your body.
Your +0 acid dragon scales {rCorr} unmelds from your body.
The wight barely misses you.
The wight hits you with the +6 whip "Zuosat" {elec, rF+ rC- rCorr}.
* * * LOW HITPOINT WARNING * * *
You feel drained.
Unknown command.
Unknown command.
It was a potion of might.
You feel very mighty all of a sudden. The wight misses you.
The wight hits you with the +6 whip "Zuosat" {elec, rF+ rC- rCorr}!
You die...

##### ....# ###.#
################ #.#
#####..z@z.........#
###.###
#.....############.#
......###.##### #.#
## ..............#
#######.# #.
###...........#
####.....#.## #. #
#.#.#.#####.#
#....^.#....####. #
#.#.#.#
#.###.##.#...........
###.#.#.#
#...............#####
....#.#.#
#............#.##


You could see 2 wights.

Vanquished Creatures
  Eustachio (D:5)
  An orc warrior (D:6)
  An ogre (D:5)
  A phantom (D:5)
  A scorpion (D:4)
  2 hounds (D:5)
  4 orc priests
  A centaur skeleton (D:4)
  Crazy Yiuf (D:5)
  A gnoll shaman (D:5)
  2 iguanas
  3 orc wizards
  A hound skeleton (D:5)
  6 adders
  9 gnolls
  An ufetubus (D:4)
  A dart slug (D:2)
  15 orcs
  12 ball pythons
  8 endoplasms
  3 giant cockroaches
  9 goblins
  9 hobgoblins
  4 jackals (D:2)
  6 kobolds
  4 quokkas
  4 bats
  4 frilled lizards
  7 rats
122 creatures vanquished.

Vanquished Creatures (others)
  2 plants (D:4)
2 creatures vanquished.

Grand Total: 124 creatures vanquished

Notes
Turn   | Place    | Note
-------+----------+-------------------------------------------
     0 | D:1      | Aviak the Demigod Transmuter began the quest for the Orb.
     0 | D:1      | Reached XP level 1. HP: 15/15 MP: 5/5
    18 | D:1      | Reached skill level 1 in Fighting
   335 | D:1      | Reached XP level 2. HP: 6/23 MP: 7/7
  1056 | D:1      | Learned a level 2 spell: Wereblood
  1088 | D:2      | Reached XP level 3. HP: 29/29 MP: 8/8
  1891 | D:2      | Reached XP level 4. HP: 24/37 MP: 9/9
  2326 | D:2      | Learned a level 3 spell: Spider Form
  2791 | D:2      | Got the Handbook of Envenoming
  3391 | D:3      | Found Paplijik's Weapon Shoppe.
  3496 | D:3      | Reached skill level 1 in Poison Magic
  3498 | D:3      | Reached XP level 5. HP: 43/45 MP: 11/11
  4506 | D:4      | Reached XP level 6. HP: 19/51 MP: 13/13
  5062 | D:4      | Found a staircase to the Ecumenical Temple.
  5513 | D:5      | Entered Level 5 of the Dungeon
  5530 | D:5      | Identified the +1 hunting sling "Gesastray" {freeze, Will+}
  5984 | D:5      | Noticed Eustachio
  5996 | D:5      | Killed Eustachio
  5997 | D:5      | Reached XP level 7. HP: 54/60 MP: 15/15
  6179 | D:5      | Found a runed translucent door.
  6180 | D:5      | Noticed Crazy Yiuf
  6971 | D:5      | Killed Crazy Yiuf
  7506 | D:6      | Identified the +6 whip "Zuosat" {elec, rF+ rC- rCorr}
  7536 | D:5      | HP: 2/53 [wight (6)]
  7537 | D:5      | Mangled by a wight

Illustrated notes

Levels and vault maps discovered:
D:1:      dpeg_arrival_lava_temple_mockup, layout_basic,
          amcnicky_mini_pool_small
D:2:      layout_loops_corners, serial_co_window_serial, co_window_corner_a,
          co_window_paths_a, co_window_of_opportunity_a, co_window_paths_b,
          co_window_cross_1, co_window_broadway_a, co_window_corner_cb,
          co_window_corner_b, co_window_broadway_c, co_window_sun,
          glass_columns_b, glass_columns_c, glass_columns_a,
          hangedman_feature_mirror, minmay_pentomino_u2
D:3:      layout_basic, nicolae_dithmenos_shadow_blocks, serial_shops,
          nicolae_shop_statue_plus, shapermc_ecumenical_altar_mp_highgroup,
          kennysheep_generic_room_11
D:4:      layout_loops_corners, minmay_temple_entry_glassed_door,
          serial_bayou_lagoon_a, minmay_liquid_box
D:5:      layout_loops_ring, uniq_eustachio, uniq_crazy_yiuf_cottage
D:6:      layout_cave_pools, serial_shops, nicolae_diamond_shop,
          chequers_serial_rivers_large_b, st_stairs_14, water_maze_lemuel

Skill      XL: |  1  2  3  4  5  6  7 |
---------------+----------------------+-----
Fighting       | 1 2 3 4 |  4.5
Transmutations | 2 3 4 |  4.1
Spellcasting   | 2 3 4 |  4.0
Poison Magic   | 1 2 3 |  3.3
Dodging        | 2 |  2.9
Unarmed Combat | 3 |  3.6

Action                   |  1- 3 |  4- 6 |  7- 9 || total
-------------------------+-------+-------+-------++-------
Melee: Unarmed           |   105 |   220 |    97 ||   422
       Kick              |    23 |    34 |     2 ||    59
       Headbutt          |    12 |    28 |       ||    40
       Punch             |     1 |     1 |       ||     2
 Cast: Beastly Appendage |    19 |    24 |     1 ||    44
       Wereblood         |     1 |     6 |     1 ||     8
       Spider Form       |       |    11 |     9 ||    20
  Use: Potion            |       |     3 |     1 ||     4
       Scroll            |       |     4 |     2 ||     6
 Stab: Sleeping          |       |     1 |       ||     1
Armor: Robe              |    24 |    23 |       ||    47
       Skin              |       |     2 |     1 ||     3
       Acid dragon scale |       |       |     5 ||     5
Dodge: Dodged            |    71 |   143 |   100 ||   314

Table legend: (Time is in decaauts)
 A = Elapsed time spent in this place.
 B = Non-inter-level travel time spent in this place.
 C = Inter-level travel time spent in this place.
 D = Time resting spent in this place.
 E = Time spent auto-exploring this place.
 F = Levels seen in this place.
 G = Mean time per level.
                   A        B        C        D        E       F      G
               +--------+--------+--------+--------+--------+-----+--------+
         Total |   7519 |   7261 |    258 |    961 |   5317 |   6 | 1253.2 |
       Dungeon |   7519 |   7261 |    258 |    961 |   5317 |   6 | 1253.2 |
               +--------+--------+--------+--------+--------+-----+--------+

Top non-repeatable levels by time:
     D:2: 1870 daAuts
     D:5: 1621 daAuts
     D:4: 1470 daAuts
     D:3: 1108 daAuts
     D:1: 1053 daAuts
     D:6: 394 daAuts
